 Dungeon Crawl Stone Soup version 0.30-a0-779-g7971cf19c3 (webtiles) character file.

Game seed: 13570290286783563139

177 Smoke131 the Trooper (level 5, -3/55 HPs)
             Began as an Ogre Gladiator on Feb 17, 2023.
             Constricted to death by Grinder (4 damage)
             ... on level 3 of the Dungeon.
             The game lasted 00:06:30 (2213 turns).

Smoke131 the Trooper (Ogre Gladiator)               Turns: 2213, Time: 00:06:31

Health: -3/55      AC:  3    Str: 18    XL:     5   Next: 57%
Magic:  5/5        EV:  6    Int:  9    God:
Gold:   83         SH:  7    Dex: 12    Spells: 4/4 levels left

rFire   . . .      SeeInvis .    a - +0 war axe
rCold   . . .      Faith    .    u - +0 kite shield
rNeg    . . .      Spirit   .    b - +0 robe
rPois   .          Reflect  .    c - +0 hat
rElec   .          Harm     .    (no cloak)
rCorr   .          Rampage  .    (gloves unavailable)
Will    .....                    (boots unavailable)
Stlth   +                        (no amulet)
HPRegen 0.29/turn                o - +4 ring of slaying
MPRegen 0.09/turn                (no ring)

@: mighty, grasped by roots, hasted, constricted, very quick
A: large, unfitting armour, tough skin 1
a: no special abilities


You were on level 3 of the Dungeon.
You visited 1 branch of the dungeon, and saw 3 of its levels.

You collected 83 gold pieces.

Inventory:

Hand Weapons
 a - a +0 war axe (weapon)
Missiles
 d - 4 throwing nets (quivered)
 k - 18 stones
Armour
 b - a +0 robe (worn)
 c - a +0 hat (worn)
 u - a +0 kite shield (worn)
Jewellery
 o - a +4 ring of slaying (left hand)
 r - an amulet of faith
Scrolls
 f - 2 scrolls of enchant armour {unknown}
 i - 2 scrolls of teleportation {unknown}
 m - a scroll of fog {unknown}
 n - a scroll of immolation {unknown}
 q - a scroll of vulnerability {unknown}
 s - a scroll of identify {unknown}
 w - 2 scrolls of amnesia {unknown}
Potions
 g - a potion of heal wounds {unknown}
 h - a potion of invisibility {unknown}
 j - a potion of ambrosia {unknown}
 l - a potion of might
 t - a potion of cancellation {unknown}
 v - a potion of curing {unknown}
 x - a potion of haste


   Skills:
 + Level 4.6 Fighting
 - Level 3.0 Axes
 + Level 3.4 Throwing
 + Level 3.8 Dodging
 + Level 1.1 Shields


You had 4 spell levels left.
You didn't know any spells.
Your spell library contained the following spells:

 Spells                   Type           Power      Damage    Failure   Level
 Ozocubu's Armour         Ice            0%         N/A       97%         3
 Ozocubu's Refrigeration  Ice            0%         4d7       100%        7


Dungeon Overview and Level Annotations

Branches:
Dungeon (3/15)

Altars:
Xom
Yredelemnul

Annotations:
D:3 3 runed translucent doors, Grinder; Sigmund; tarna41's ghost, amateur FeSu


Innate Abilities, Weirdness & Mutations

You are too large for most types of armour.
You have tough skin. (AC +1)


Message History

Aim: Grinder, carrying a wand of roots (8) (poisoned, 62% to hit)
You throw a poisoned dart.
The poisoned dart barely misses Grinder.
The grasping roots constrict you.
The grasping roots release their grip on you.
Throw: dart (poison)
Press: ? - help, Q - select action, (/) - cycle Shift-Dir - straight line, f/p - Grinder
Aim: Grinder, carrying a wand of roots (8) (translocational energy, lightly wounded, poisoned, 62% to hit)
You throw a poisoned dart. The poisoned dart hits Grinder.
Grinder is lightly wounded.
Grinder blinks!
Throw: large rock
Press: ? - help, Q - select action, (/) - cycle Shift-Dir - straight line, f/p - Grinder
Aim: Grinder, carrying a wand of roots (8) (lightly wounded, poisoned, 62% to hit)
You throw a large rock. The large rock hits Grinder!!
Grinder is heavily wounded.
Grinder gestures at you. You resist with significant effort.
You closely miss Grinder.
Grinder is heavily wounded.
Grinder zaps a wand.
The roots erupt in riotous growth!
The grasping roots grab you!
Grinder is unaffected.
The grasping roots constrict you! Grinder barely misses you.
The grasping roots constrict you.
You closely miss Grinder.
Grinder is severely wounded.
Grinder hits you.
You writhe in agony.
The grasping roots constrict you!
* * * LOW HITPOINT WARNING * * *
The grasping roots release their grip on you.
It was a potion of might.
You feel very mighty all of a sudden.
Grinder looks more healthy.
Grinder hits you.
* * * LOW HITPOINT WARNING * * *
You writhe in agony.
* * * LOW HITPOINT WARNING * * *
It was a potion of haste.
You feel yourself speed up.
Grinder zaps a wand.
The roots erupt in riotous growth!
The grasping roots grab you!
Grinder is unaffected.
The grasping roots constrict you.
You die...

#..# ...#.. #.# #..# #((
...# ### #.# #..## #.##...
#.## #...# #(##..##.#
#.#... ##..# #.##..##..
#.#### #..# #.##..##.# #.#
# #<.# #(##..##.# #.# #
#..# #5##..##.# #.# # #..#
#@##..##.# #.# #
#>.#######.##..##.####.####
#..................†.....##
##.....#################...
####### ####


You could see Grinder.

Vanquished Creatures
  A scorpion (D:3)
  2 scorpion zombies (D:3)
  2 adders
  2 dart slugs (D:3)
  An orc (D:3)
  A ball python (D:1)
  6 endoplasms
  3 giant cockroaches
  4 goblins
  6 hobgoblins
  2 quokkas
  2 bats
  2 frilled lizards
  5 kobolds
  4 rats
43 creatures vanquished.

Vanquished Creatures (others)
  5 plants
5 creatures vanquished.

Grand Total: 48 creatures vanquished

Notes
Turn   | Place    | Note
-------+----------+-------------------------------------------
     0 | D:1      | Smoke131 the Ogre Gladiator began the quest for the Orb.
     0 | D:1      | Reached XP level 1. HP: 22/22 MP: 1/1
   127 | D:1      | Reached skill level 3 in Fighting
   176 | D:1      | Reached XP level 2. HP: 31/31 MP: 2/2
   468 | D:1      | Reached XP level 3. HP: 33/37 MP: 3/3
  1479 | D:3      | Found a runed translucent gate.
  1479 | D:3      | Found a runed translucent gate.
  1479 | D:3      | Found a runed translucent gate.
  1479 | D:3      | Noticed tarna41's ghost (amateur FeSu)
  1481 | D:3      | Found a basalt altar of Yredelemnul.
  1496 | D:3      | Reached XP level 4. HP: 41/48 MP: 4/4
  1505 | D:3      | Reached skill level 4 in Fighting
  1585 | D:3      | Found a faded altar of an unknown god.
  1720 | D:3      | Noticed a scorpion
  1725 | D:3      | Killed a scorpion
  1726 | D:3      | Reached skill level 1 in Shields
  1726 | D:3      | Reached XP level 5. HP: 27/55 MP: 5/5
  1730 | D:3      | Noticed Sigmund
  2159 | D:3      | Found a shimmering altar of Xom.
  2201 | D:3      | Noticed Grinder
  2202 | D:3      | Paralysed by Grinder for 2 turns
  2212 | D:3      | HP: 1/55 [Grinder (3)]
  2213 | D:3      | Constricted to death by Grinder

Illustrated notes

Levels and vault maps discovered:
D:1:      heliophobic_arrival_dark_side_of_the_moon, layout_rooms,
          hangedman_decor_clover_reticule, chequers_garden
D:2:      wad_lake_hut, layout_rooms
D:3:      layout_loops_ring, nicolae_yredelemnul_ghost_church,
          mainiacjoe_overflow_alcove_2, dreamdust_ecumenical_altar_grove,
          uniq_grinder, uniq_sigmund

Skill      XL: |  1  2  3  4 |
---------------+-------------+-----
Fighting       | 3 4 |  4.6
Dodging        | 3 |  3.8
Throwing       | 3 |  3.4
Shields        | 1 |  1.1
Axes           | |  3.0

Action                     |  1- 3 |  4- 6 || total
---------------------------+-------+-------++-------
  Melee: War axe           |    88 |    29 ||   117
         Punch             |     2 |       ||     2
  Throw: Dart              |       |     6 ||     6
         Large rock        |       |     1 ||     1
    Use: Potion            |       |     2 ||     2
 Armour: Robe              |    24 |     3 ||    27
  Dodge: Dodged            |    40 |     6 ||    46
  Block: Kite shield       |       |     5 ||     5

Table legend: (Time is in decaauts)
 A = Elapsed time spent in this place.
 B = Non-inter-level travel time spent in this place.
 C = Inter-level travel time spent in this place.
 D = Time resting spent in this place.
 E = Time spent auto-exploring this place.
 F = Levels seen in this place.
 G = Mean time per level.
                   A        B        C        D        E       F      G
               +--------+--------+--------+--------+--------+-----+--------+
         Total |   2256 |   2143 |    113 |    166 |   1485 |   3 |  752.0 |
       Dungeon |   2256 |   2143 |    113 |    166 |   1485 |   3 |  752.0 |
               +--------+--------+--------+--------+--------+-----+--------+

Top non-repeatable levels by time:
     D:3: 824 daAuts
     D:2: 799 daAuts
     D:1: 632 daAuts
